| TOP OF THE 1ST |
|
Wichita Aeros batting - Pitching for Indianapolis Indians : RHP Andrew Muhlstock
|
|
Pitching: RHP Andrew Muhlstock
|
|
|
Batting: LHB Omar Guerrero
|
0-0: SINGLE (Groundball, 6S, EV 65.6 MPH) (infield hit)
|
|
Batting: SHB Gary Pettis
|
0-0: Ball 1-0: Ball 2-0: Ball 3-0: Called Strike 3-1: SINGLE (Groundball, 3S, EV 63.8 MPH) (infield hit) Omar Guerrero to second
|
|
Batting: LHB Glenn Gulliver
|
0-0: Ball Omar Guerrero steals 3rd base (no throw) Gary Pettis to second 1-0: Called Strike 1-1: Swinging Strike 1-2: Foul Ball, location: 2F 1-2: Ball 2-2: Foul Ball, location: 2F 2-2: Ball 3-2: SINGLE (Line Drive, 89S, EV 100.6 MPH) Omar Guerrero scores Gary Pettis to third Runner from 3rd tries for Home, SAFE, throw by RF to home
|
|
Batting: RHB Bill Schroeder
|
0-0: Ball 1-0: SINGLE (Groundball, 34S, EV 81.9 MPH) (infield hit) Glenn Gulliver to second
|
|
Batting: LHB Angel Matos
|
0-0: Grounds into double play, 6-4-3 (Groundball, 6, EV 77.5 MPH) Glenn Gulliver to third
|
|
Batting: LHB James Pellack
|
0-0: Called Strike 0-1: Called Strike 0-2: Foul Ball, location: 2F 0-2: Ball 1-2: Ball 2-2: Strikes out looking
|
| Top of the 1st over - 2 runs, 4 hits, 0 errors, 1 left on base; Wichita 2 - Indianapolis 0 |
| BOTTOM OF THE 1ST |
|
Indianapolis Indians batting - Pitching for Wichita Aeros : RHP Michael Britt
|
|
Pitching: RHP Michael Britt
|
|
|
Batting: LHB Elias Nava
|
0-0: Ground out 3-1 (Groundball, 34, EV 91.3 MPH)
|
|
Batting: SHB Julio Estrada
|
0-0: Called Strike 0-1: Foul Ball, location: 2F 0-2: Fly out, F8 (Flyball, 8RD, EV 91.3 MPH)
|
|
Batting: LHB Scott Radloff
|
0-0: Ball 1-0: Ball 2-0: Called Strike 2-1: Foul Ball, location: 2F 2-2: Foul Ball, location: 2F 2-2: Fly out, F9 (Flyball, 9LD, EV 81.9 MPH)
|
| Bottom of the 1st over - 0 runs, 0 hits, 0 errors, 0 left on base; Wichita 2 - Indianapolis 0 |
| TOP OF THE 2ND |
|
Wichita Aeros batting - Pitching for Indianapolis Indians : RHP Andrew Muhlstock
|
|
Batting: RHB Gary House
|
0-0: Called Strike 0-1: Ball 1-1: Foul Ball, location: 2F 1-2: Strikes out looking
|
|
Batting: LHB Jesus Ramos
|
0-0: Swinging Strike 0-1: Ball 1-1: Swinging Strike 1-2: Ball 2-2: Foul Ball, location: 2F 2-2: Ball 3-2: SINGLE (Groundball, 6D, EV 104.4 MPH)
|
|
Batting: RHB Julio Collazo
|
0-0: Ball Jesus Ramos steals 2nd base 1-0: Fly out, F8 (Flyball, 8RS, EV 88.8 MPH)
|
|
Batting: LHB Omar Guerrero
|
0-0: Called Strike 0-1: Swinging Strike 0-2: Ball 1-2: Ball 2-2: Foul Ball, location: 2F 2-2: Ball 3-2: Base on Balls
|
|
Batting: SHB Gary Pettis
|
0-0: Ball 1-0: Ball 2-0: Called Strike 2-1: Ball 3-1: TRIPLE (Flyball, 78XD, EV 106.9 MPH) Jesus Ramos scores Omar Guerrero scores
|
|
Batting: LHB Glenn Gulliver
|
0-0: Ball 1-0: Foul Ball, location: 2F 1-1: Foul Ball, location: 2F 1-2: SINGLE (Line Drive, 89S, EV 85.6 MPH) Gary Pettis scores
|
|
Batting: RHB Bill Schroeder
|
0-0: Called Strike 0-1: Foul Ball, location: 2F 0-2: Fly out, F8 (Flyball, 89D, EV 83.1 MPH)
|
| Top of the 2nd over - 3 runs, 3 hits, 0 errors, 1 left on base; Wichita 5 - Indianapolis 0 |
| BOTTOM OF THE 2ND |
|
Indianapolis Indians batting - Pitching for Wichita Aeros : RHP Michael Britt
|
|
Batting: RHB Luis Gonzalez
|
0-0: Ball 1-0: Foul Ball, location: 2F 1-1: Fly out, F7 (Flyball, 78M, EV 93.8 MPH)
|
|
Batting: RHB Pat Rooney
|
0-0: Ball 1-0: Fly out, F8 (Flyball, 8RM, EV 86.9 MPH)
|
|
Batting: LHB Roberto Ruiz
|
0-0: Ball 1-0: Ball 2-0: SINGLE (Groundball, 6MD, EV 102.5 MPH)
|
|
Batting: RHB Bill Lindsey
|
0-0: Called Strike 0-1: Called Strike 0-2: Foul Ball, location: 2F 0-2: Ball 1-2: Ball 2-2: Strikes out swinging
|
| Bottom of the 2nd over - 0 runs, 1 hit, 0 errors, 1 left on base; Wichita 5 - Indianapolis 0 |
| TOP OF THE 3RD |
|
Wichita Aeros batting - Pitching for Indianapolis Indians : RHP Andrew Muhlstock
|
|
Batting: LHB Angel Matos
|
0-0: Ball 1-0: Fly out, F7 (Flyball, 7LS, EV 81.9 MPH)
|
|
Batting: LHB James Pellack
|
0-0: Ball 1-0: Called Strike 1-1: Ball 2-1: Called Strike 2-2: Ball 3-2: Base on Balls
|
|
Batting: RHB Gary House
|
0-0: Ball 1-0: Ball 2-0: Foul Ball, location: 2F 2-1: Foul Ball, location: 2F 2-2: SINGLE (Groundball, 5D, EV 108.8 MPH) James Pellack to second
|
|
Batting: LHB Jesus Ramos
|
0-0: Fly out, F4 (Popup, 4, EV 70.6 MPH)
|
|
Batting: RHB Julio Collazo
|
0-0: Ball 1-0: Called Strike 1-1: Ball 2-1: Called Strike 2-2: Strikes out swinging
|
| Top of the 3rd over - 0 runs, 1 hit, 0 errors, 2 left on base; Wichita 5 - Indianapolis 0 |
| BOTTOM OF THE 3RD |
|
Indianapolis Indians batting - Pitching for Wichita Aeros : RHP Michael Britt
|
|
Batting: LHB David Bertulli
|
0-0: Called Strike 0-1: Ball 1-1: Ground out 4-3 (Groundball, 4D, EV 103.1 MPH)
|
|
Batting: LHB Kevin Schoendienst
|
0-0: Called Strike 0-1: Ball 1-1: Foul Ball, location: 2F 1-2: Foul Ball, location: 2F 1-2: Ball 2-2: Ball 3-2: Ground out 6-3 (Groundball, 6M, EV 106.3 MPH)
|
|
Batting: LHB Elias Nava
|
0-0: Ball 1-0: Called Strike 1-1: Called Strike 1-2: SINGLE (Flyball, 8RS, EV 84.4 MPH)
|
|
Batting: SHB Julio Estrada
|
0-0: Called Strike 0-1: Ball 1-1: Foul Ball, location: 2F 1-2: SINGLE (Line Drive, 56, EV 106.3 MPH) Elias Nava to second Elias Nava to third
|
|
Batting: LHB Scott Radloff
|
0-0: Swinging Strike 0-1: Ball 1-1: Ball 2-1: SINGLE (Groundball, 4MD, EV 105.6 MPH) Elias Nava scores Julio Estrada to second Runner from 2nd tries for 3rd, SAFE, no throw by CF
|
|
Batting: RHB Luis Gonzalez
|
0-0: Foul Ball, location: 2F 0-1: Fly out, F8 (Flyball, 8RD, EV 105.0 MPH)
|
| Bottom of the 3rd over - 1 run, 3 hits, 0 errors, 2 left on base; Wichita 5 - Indianapolis 1 |
| TOP OF THE 4TH |
|
Wichita Aeros batting - Pitching for Indianapolis Indians : RHP Andrew Muhlstock
|
|
Batting: LHB Omar Guerrero
|
0-0: Fly out, F6 (Popup, 6S, EV 75.6 MPH)
|
|
Batting: SHB Gary Pettis
|
0-0: Called Strike 0-1: Ball 1-1: Ball 2-1: Fly out, F8 (Flyball, 8LM, EV 81.3 MPH)
|
|
Batting: LHB Glenn Gulliver
|
0-0: Ball 1-0: Ball 2-0: Foul Ball, location: 2F 2-1: Ball 3-1: Base on Balls
|
|
Batting: RHB Bill Schroeder
|
0-0: Fly out, F7 (Flyball, 78D, EV 96.3 MPH)
|
| Top of the 4th over - 0 runs, 0 hits, 0 errors, 1 left on base; Wichita 5 - Indianapolis 1 |
| BOTTOM OF THE 4TH |
|
Indianapolis Indians batting - Pitching for Wichita Aeros : RHP Michael Britt
|
|
Batting: RHB Pat Rooney
|
0-0: Ball 1-0: Ball 2-0: Ball 3-0: Called Strike 3-1: Base on Balls
|
|
Batting: LHB Roberto Ruiz
|
0-0: Called Strike 0-1: Called Strike Pat Rooney is caught stealing 2nd base 2-6 0-2: Ball 1-2: Ground out 6-3 (Groundball, 6, EV 88.8 MPH)
|
|
Batting: RHB Bill Lindsey
|
0-0: Foul Ball, location: 2F 0-1: Ball 1-1: Called Strike 1-2: Ball 2-2: Ball 3-2: Base on Balls
|
|
Batting: LHB David Bertulli
|
0-0: Ground out 4-3 (Groundball, 4, EV 95.6 MPH)
|
| Bottom of the 4th over - 0 runs, 0 hits, 0 errors, 1 left on base; Wichita 5 - Indianapolis 1 |
| TOP OF THE 5TH |
|
Wichita Aeros batting - Pitching for Indianapolis Indians : RHP Andrew Muhlstock
|
|
Batting: LHB Angel Matos
|
0-0: Fly out, F7 (Flyball, 7, EV 88.8 MPH)
|
|
Batting: LHB James Pellack
|
0-0: Called Strike 0-1: Ball 1-1: Reached on error, E4 (Groundball, 34, EV 106.9 MPH)
|
|
Batting: RHB Gary House
|
0-0: Swinging Strike 0-1: Ball 1-1: Foul Ball, location: 2F 1-2: Foul Ball, location: 2F 1-2: Foul Ball, location: 2F 1-2: Ball 2-2: Fly out, F8 (Flyball, 8RD, EV 101.9 MPH)
|
|
Batting: LHB Jesus Ramos
|
0-0: Ball 1-0: Called Strike 1-1: Ball 2-1: Foul Ball, location: 2F 2-2: Strikes out swinging
|
| Top of the 5th over - 0 runs, 0 hits, 1 error, 1 left on base; Wichita 5 - Indianapolis 1 |
| BOTTOM OF THE 5TH |
|
Indianapolis Indians batting - Pitching for Wichita Aeros : RHP Michael Britt
|
|
Batting: LHB Kevin Schoendienst
|
0-0: Ball 1-0: Ball 2-0: Ball 3-0: Base on Balls
|
|
Batting: LHB Elias Nava
|
0-0: Ball 1-0: Bunt missed! 1-1: Ball 2-1: Bunted foul 2-2: Ground out 4-3 (Groundball, 4S, EV 68.8 MPH) Kevin Schoendienst to second
|
|
Batting: SHB Julio Estrada
|
0-0: Ball Kevin Schoendienst is caught stealing 3rd base 2-5 1-0: Ball 2-0: Called Strike 2-1: Foul Ball, location: 2F 2-2: SINGLE (Groundball, 56, EV 99.4 MPH) (infield hit)
|
|
Batting: LHB Scott Radloff
|
0-0: Ball 1-0: Called Strike 1-1: Called Strike 1-2: Ball 2-2: Ball 3-2: Foul Ball, location: 2F 3-2: Foul Ball, location: 2F 3-2: Foul Ball, location: 2F 3-2: Ground out 4-3 (Groundball, 4S, EV 86.9 MPH)
|
| Bottom of the 5th over - 0 runs, 1 hit, 0 errors, 1 left on base; Wichita 5 - Indianapolis 1 |
| TOP OF THE 6TH |
|
Wichita Aeros batting - Pitching for Indianapolis Indians : RHP Andrew Muhlstock
|
|
Batting: RHB Julio Collazo
|
0-0: Ball 1-0: Called Strike 1-1: Ball 2-1: Swinging Strike 2-2: Ball 3-2: Base on Balls
|
|
Batting: LHB Omar Guerrero
|
0-0: Ball 1-0: Bunt missed! 1-1: Bunt missed! 1-2: Fly out, F6 (Popup, P, EV 43.8 MPH)
|
|
Batting: SHB Gary Pettis
|
0-0: Ball 1-0: Called Strike 1-1: Fielders Choice at 2nd, 4-6 (Groundball, 34D, EV 81.9 MPH)
|
|
Batting: LHB Glenn Gulliver
|
0-0: Ball 1-0: Ball 2-0: Foul Ball, location: 2F 2-1: Foul Ball, location: 2F 2-2: Fly out, F7 (Flyball, 78D, EV 93.1 MPH)
|
| Top of the 6th over - 0 runs, 0 hits, 0 errors, 1 left on base; Wichita 5 - Indianapolis 1 |
| BOTTOM OF THE 6TH |
|
Indianapolis Indians batting - Pitching for Wichita Aeros : RHP Michael Britt
|
|
Batting: RHB Luis Gonzalez
|
0-0: Ball 1-0: Ball 2-0: Swinging Strike 2-1: SOLO HOME RUN (Flyball, 89XD, EV 92.5 MPH), Distance : 399 ft
|
|
Batting: RHB Pat Rooney
|
0-0: Foul Ball, location: 2F 0-1: Called Strike 0-2: SINGLE (Flyball, 3D, EV 95.6 MPH)
|
|
Batting: LHB Roberto Ruiz
|
0-0: Ball 1-0: Sac Bunt to 2L - play at first, batter OUT! 2-4 Pat Rooney to second
|
|
Batting: RHB Bill Lindsey
|
0-0: Ball 1-0: Swinging Strike 1-1: Ball 2-1: Called Strike 2-2: Strikes out swinging
|
|
Batting: LHB David Bertulli
|
0-0: Ball 1-0: Ball 2-0: Fly out, F7 (Line Drive, 7D, EV 93.1 MPH)
|
| Bottom of the 6th over - 1 run, 2 hits, 0 errors, 1 left on base; Wichita 5 - Indianapolis 2 |
| TOP OF THE 7TH |
|
Wichita Aeros batting - Pitching for Indianapolis Indians : RHP Andrew Muhlstock
|
|
Pitching: RHP Tom Layton
|
|
|
Batting: RHB Bill Schroeder
|
0-0: Ball 1-0: Foul Ball, location: 2F 1-1: Ball 2-1: Foul Ball, location: 2F 2-2: Ground out 4-3 (Groundball, 34, EV 97.5 MPH)
|
|
Batting: LHB Angel Matos
|
0-0: Called Strike 0-1: Fly out, F6 (Popup, 6MS, EV 63.1 MPH)
|
|
Batting: LHB James Pellack
|
0-0: Called Strike 0-1: Ball 1-1: Called Strike 1-2: Foul Ball, location: 2F 1-2: Ball 2-2: Foul Ball, location: 2F 2-2: Foul Ball, location: 2F 2-2: Strikes out looking
|
| Top of the 7th over - 0 runs, 0 hits, 0 errors, 0 left on base; Wichita 5 - Indianapolis 2 |
| BOTTOM OF THE 7TH |
|
Indianapolis Indians batting - Pitching for Wichita Aeros : RHP Michael Britt
|
|
Batting: LHB Kevin Schoendienst
|
0-0: Foul Ball, location: 2F 0-1: Ball 1-1: Ball 2-1: Foul Ball, location: 2F 2-2: Ball 3-2: Foul Ball, location: 2F 3-2: Ground out U3 (Groundball, 3, EV 101.9 MPH)
|
|
Batting: LHB Elias Nava
|
0-0: Ball 1-0: Ball 2-0: Ball 3-0: Base on Balls
|
|
Batting: SHB Julio Estrada
|
0-0: Ball 1-0: Fielders Choice at 2nd, 5-4 (Groundball, 5L, EV 98.1 MPH)
|
|
Batting: LHB Scott Radloff
|
0-0: Ball Julio Estrada steals 2nd base 1-0: 2-RUN HOME RUN (Line Drive, 9LD, EV 96.3 MPH), Distance : 374 ft
|
|
Batting: RHB Luis Gonzalez
|
0-0: Ball 1-0: Foul Ball, location: 2F 1-1: Ball 2-1: Called Strike 2-2: Ground out 4-3 (Groundball, 34, EV 103.8 MPH)
|
| Bottom of the 7th over - 2 runs, 1 hit, 0 errors, 0 left on base; Wichita 5 - Indianapolis 4 |
| TOP OF THE 8TH |
|
Wichita Aeros batting - Pitching for Indianapolis Indians : RHP Tom Layton
|
|
Batting: RHB Gary House
|
0-0: Called Strike 0-1: Swinging Strike 0-2: Strikes out looking
|
|
Batting: LHB Jesus Ramos
|
0-0: Ball 1-0: Foul Ball, location: 2F 1-1: Swinging Strike 1-2: Ball 2-2: Fly out, F7 (Flyball, 7D, EV 106.9 MPH)
|
|
Batting: RHB Julio Collazo
|
0-0: Foul Ball, location: 2F 0-1: Ball 1-1: Ball 2-1: Ground out 5-3 (Groundball, 56S, EV 85.0 MPH)
|
| Top of the 8th over - 0 runs, 0 hits, 0 errors, 0 left on base; Wichita 5 - Indianapolis 4 |
| BOTTOM OF THE 8TH |
|
Indianapolis Indians batting - Pitching for Wichita Aeros : RHP Michael Britt
|
|
Now at 2B: Victor Mabee
|
|
|
Batting: RHB Pat Rooney
|
0-0: Foul Ball, location: 2F 0-1: Foul Ball, location: 2F 0-2: Strikes out looking
|
|
Batting: LHB Roberto Ruiz
|
0-0: Called Strike 0-1: Ground out 6-3 (Groundball, 6, EV 102.5 MPH)
|
|
Batting: RHB Bill Lindsey
|
0-0: Ball 1-0: Fly out, F8 (Flyball, 78XD, EV 107.5 MPH)
|
| Bottom of the 8th over - 0 runs, 0 hits, 0 errors, 0 left on base; Wichita 5 - Indianapolis 4 |
| TOP OF THE 9TH |
|
Wichita Aeros batting - Pitching for Indianapolis Indians : RHP Tom Layton
|
|
Batting: LHB Omar Guerrero
|
0-0: SINGLE (Groundball, 6M, EV 98.1 MPH)
|
|
Batting: SHB Gary Pettis
|
0-0: Called Strike 0-1: Ball 1-1: Foul Ball, location: 2F 1-2: Strikes out swinging
|
|
Batting: LHB Glenn Gulliver
|
0-0: Called Strike 0-1: Ball 1-1: Ball 2-1: Grounds into double play, 6-4-3 (Groundball, 6, EV 88.8 MPH)
|
| Top of the 9th over - 0 runs, 1 hit, 0 errors, 0 left on base; Wichita 5 - Indianapolis 4 |
| BOTTOM OF THE 9TH |
|
Indianapolis Indians batting - Pitching for Wichita Aeros : RHP Michael Britt
|
|
Pitching: RHP Joey McLaughlin
|
|
|
Pinch Hitting: SHB Bobby Ball
|
0-0: Foul Ball, location: 2F 0-1: Swinging Strike 0-2: Ball 1-2: Ground out 5-3 (Groundball, 5, EV 103.8 MPH)
|
|
Batting: LHB Kevin Schoendienst
|
0-0: Ball 1-0: Foul Ball, location: 2F 1-1: Reached via error on a dropped throw from SS, E3 (Groundball, 6MD, EV 109.4 MPH)
|
|
Batting: LHB Elias Nava
|
0-0: Ball 1-0: Ball 2-0: Ball 3-0: Called Strike 3-1: Base on Balls Kevin Schoendienst to second
|
|
Batting: SHB Julio Estrada
|
0-0: DOUBLE (Line Drive, 7LM, EV 98.8 MPH) Kevin Schoendienst scores Elias Nava to third
|
|
Batting: LHB Scott Radloff
|
0-0: Intentional Walk
|
|
Batting: RHB Luis Gonzalez
|
0-0: Ball 1-0: SINGLE (Groundball, 34D, EV 105.0 MPH) Elias Nava scores
|
| Bottom of the 9th over - 2 runs, 2 hits, 1 error, 0 left on base; Wichita 5 - Indianapolis 6 |
|